 Dungeon Crawl Stone Soup version 0.29-a0-334-gb41bcbb86e (webtiles) character file.

Game seed: 10137877379597152867

108 kevlar127 the Ruffian (level 4, -3/45 HPs)
             Began as a Troll Berserker on Apr 14, 2022.
             Was a Believer of Trog.
             Slain by a gnoll shaman
             ... wielding a +0 club
              (9 damage)
             ... on level 4 of the Dungeon.
             The game lasted 00:22:56 (2728 turns).

kevlar127 the Ruffian (Troll Berserker)             Turns: 2728, Time: 00:22:57

Health: -3/45      AC:  4    Str: 27    XL:     4   Next: 58%
Magic:  3/3        EV: 10    Int:  3    God:    Trog [**....]
Gold:   80         SH:  0    Dex:  9    Spells: 3/3 levels left

rFire   . . .      SeeInvis .     - Unarmed
rCold   . . .      Faith    .   (no shield)
rNeg    . . .      Spirit   .   a - +0 animal skin
rPois   +          Reflect  .   (helmet restricted)
rElec   .          Harm     .   (no cloak)
rCorr   .          Rampage  .   (gloves unavailable)
Will    .....                   (boots unavailable)
Stlth   +.........              (no amulet)
HPRegen 0.95/turn               l - ring of poison resistance
MPRegen 0.08/turn               f - ring of wizardry

@: on berserk cooldown, slowed, very slow
A: large, unfitting armour, claws 3, regeneration 1, shaggy fur 1, tough skin 1
a: Renounce Religion, Berserk, Trog's Hand


You were on level 4 of the Dungeon.
You worshipped Trog.
Trog was pleased with you.
You visited 1 branch of the dungeon, and saw 4 of its levels.

You collected 145 gold pieces.
You spent 65 gold pieces at shops.

Inventory:

Missiles
 e - 8 poisoned darts (quivered)
 g - 47 stones
Armour
 a - a +0 animal skin (worn)
Jewellery
 c - a ring of fire
 f - a ring of wizardry (right claw)
 l - a ring of poison resistance (left claw)
Wands
 h - a wand of flame (18)
 i - a wand of charming (10)
 m - a wand of iceblast (3)
Scrolls
 b - 2 scrolls of identify {unknown}
 d - 2 scrolls of torment {unknown}
Potions
 j - a potion of heal wounds
 k - 2 potions of curing {unknown}
 n - a potion of mutation {unknown}


   Skills:
 + Level 3.2 Fighting
 + Level 1.8 Throwing
 - Level 2.5 Dodging
 + Level 4.0 Unarmed Combat


You had 3 spell levels left.
You didn't know any spells.
Your spell library contained the following spells:

 Spells                   Type           Power      Damage    Failure   Level
 Animate Skeleton         Necr           0%         N/A       24%         1
 Apportation              Tloc           0%         N/A       24%         1
 Summon Small Mammal      Summ           0%         N/A       24%         1
 Ensorcelled Hibernation  Hex/Ice        0%         N/A       34%         2
 Passwall                 Tmut/Erth      0%         N/A       34%         2
 Swiftness                Air            0%         N/A       56%         3


Dungeon Overview and Level Annotations

Branches:
Dungeon (4/15)
 Temple: D:4-7

Altars:

Shops:
D:2 !


Innate Abilities, Weirdness & Mutations

You are too large for most types of armour.
You have claws for hands.
Your natural rate of healing is unusually fast.
You are covered in fur. (AC +1)
You have tough skin. (AC +1)


Message History

The gnoll closely misses you.
You mangle the orc!!
You kill the orc!
Trog accepts your kill.
The gnoll hits you from afar with a +0 halberd.
You scratch the orc.
The orc is almost dead.
The gnoll barely misses you. The orc hits you but does no damage.
The gnoll hits you from afar with a +0 halberd!
You closely miss the orc.
The orc is almost dead.
You are no longer berserk.
You are exhausted.
You feel yourself slow down. The orc hits you but does no damage.
The gnoll shaman hits you with a +0 club!
The gnoll hits you from afar with a +0 halberd.
The gnoll hits you from afar with a +0 spear.
Items here: ))) [ †.
Throw: 10 darts (poison)
Press: ? - help, Q - select action, (/) - cycle Shift-Dir - straight line, f - orc
Aim: an orc, wielding a +0 whip, wearing a +0 leather armour and quivering boomerangs (almost dead, 54% to hit)
You throw a poisoned dart. The poisoned dart hits the orc.
The orc is poisoned.
The orc is almost dead.
The gnoll hits you from afar with a +0 spear.
* * * LOW HITPOINT WARNING * * *
The orc barely misses you. The orc hits you with a +0 whip.
* * * LOW HITPOINT WARNING * * *
You kill the orc!
Trog accepts your kill.
You fail to use your ability.
The gnoll hits you from afar with a +0 spear.
* * * LOW HITPOINT WARNING * * *
Throw: 9 darts (poison)
Press: ? - help, Q - select action, (/) - cycle Shift-Dir - straight line, f - gnoll shaman
Aim: a gnoll shaman, wielding a +0 club and wearing a +0 leather armour (58% to hit)
You throw a poisoned dart.
The poisoned dart hits the gnoll shaman.
The gnoll shaman is poisoned.
The gnoll shaman hits you with a +0 club!
You die...

#. #<# #. #.#
#. #.# #. ##.#
#. #..# ..####.
#.##
......)#####
#.#
......gggg.#
#.#
#.########@#
#.# ##.## #.#
##.#.## #.#
####.###.####.#
#...## ##.....#
#.##.###.######
##.###.#.##
.........##
##########


You could see a gnoll shaman (poisoned) and 3 gnolls.

Vanquished Creatures
  An orc wizard (D:4)
  4 adders
  4 orcs (D:4)
  2 ball pythons
  2 endoplasms (D:1)
  2 giant cockroaches
  5 goblins
  5 hobgoblins
  A quokka (D:3)
  5 bats
  5 frilled lizards
  6 kobolds
  4 rats
46 creatures vanquished.

Notes
Turn   | Place    | Note
-------+----------+-------------------------------------------
     0 | D:1      | kevlar127 the Troll Berserker began the quest for the Orb.
     0 | D:1      | Reached XP level 1. HP: 22/22 MP: 0/0
   414 | D:1      | Reached XP level 2. HP: 29/29 MP: 1/1
  1340 | D:2      | Found Fuohusm's Distillery.
  1347 | D:2      | Bought a potion of heal wounds for 65 gold pieces
  1385 | D:2      | Reached skill level 1 in Throwing
  1385 | D:2      | Reached XP level 3. HP: 36/36 MP: 2/2
  1681 | D:2      | Found a faded altar of an unknown god.
  2538 | D:3      | Reached ** piety under Trog
  2709 | D:4      | Reached XP level 4. HP: 45/45 MP: 3/3
  2718 | D:4      | Reached skill level 4 in Unarmed Combat
  2728 | D:4      | Slain by a gnoll shaman

Illustrated notes

Levels and vault maps discovered:
D:1:      co_arrival_random_square_maze, layout_loops_ring,
          kennysheep_minor_cross
D:2:      layout_loops_cross, serial_shops, nicolae_diamond_shop,
          hellmonk_ecumenical_altar_arch_garden
D:3:      layout_loops_ring, hangedman_decor_clover_reticule
D:4:      layout_loops_ring

Skill      XL: |  1  2  3  4 |
---------------+-------------+-----
Throwing       | 1 |  1.8
Fighting       | 3 |  3.2
Unarmed Combat | 4 |  4.0
Dodging        | |  2.5

Action                   |  1- 3 |  4- 6 || total
-------------------------+-------+-------++-------
Melee: Unarmed           |    72 |    12 ||    84
       Punch             |     1 |       ||     1
Throw: Dart              |    23 |     2 ||    25
Invok: Berserk           |     3 |       ||     3
Armor: Animal skin       |    24 |     6 ||    30
Dodge: Dodged            |    38 |     8 ||    46

Table legend: (Time is in decaauts)
 A = Elapsed time spent in this place.
 B = Non-inter-level travel time spent in this place.
 C = Inter-level travel time spent in this place.
 D = Time resting spent in this place.
 E = Time spent auto-exploring this place.
 F = Levels seen in this place.
 G = Mean time per level.
                   A        B        C        D        E       F      G
               +--------+--------+--------+--------+--------+-----+--------+
         Total |   2734 |   2642 |     92 |    550 |   1434 |   4 |  683.5 |
       Dungeon |   2734 |   2642 |     92 |    550 |   1434 |   4 |  683.5 |
               +--------+--------+--------+--------+--------+-----+--------+

Top non-repeatable levels by time:
     D:2: 1028 daAuts
     D:1: 911 daAuts
     D:3: 739 daAuts
     D:4: 55 daAuts
